 Dungeon Crawl Stone Soup version 0.31-a0-236-g9a0961fb85 (webtiles) character file.

Game seed: 9710857871931636784

13 qw the Shooter (level 2, 0/16 HPs)
             Began as a Gargoyle Hexslinger on July 10, 2023.
             Slain by a quokka (3 damage)
             ... on level 1 of the Dungeon.
             The game lasted 00:00:06 (144 turns).

qw the Shooter (Gargoyle Hexslinger)                 Turns: 144, Time: 00:00:07

Health: 0/16       AC:  4    Str: 11    XL:     2   Next: 37%
Magic:  3/3        EV: 12    Int: 13    God:
Gold:   4          SH:  0    Dex: 12    Spells: 2/3 levels left

rFire   . . .        a - +1 sling
rCold   . . .        (no shield)
rNeg    + . .        c - +0 robe
rPois   inf          (no helmet)
rElec   +            (no cloak)
rCorr   .            (no gloves)
SInv    .            (no boots)
Will    .....        (no amulet)
Stlth   +            (no ring)
HPRegen 0.22/turn    (no ring)
MPRegen 0.08/turn

%: no passive effects
@: no status effects
A: sickness immunity, AC +2, negative energy resistance 1, electricity
resistance, torment resistance 1, petrification resistance
a: no special abilities


You were on level 1 of the Dungeon.
You visited 1 branch of the dungeon, and saw 1 of its levels.

You collected 4 gold pieces.


Innate Abilities, Weirdness & Mutations

You are immune to sickness and miasma.
Your stone body is resilient. (AC +2)
You are immune to poison.
You resist negative energy. (rN+)
You are resistant to electric shocks. (rElec)
You are resistant to unholy torment.
You are immune to petrification.


   Skills:
 + Level 1.1 Fighting
 - Level 3.0 Ranged Weapons
 - Level 1.5 Dodging
 - Level 1.0 Spellcasting
 - Level 2.6 Hexes


You had 2 spell levels left.
You knew the following spells:

 Your Spells              Type           Power      Damage    Failure   Level
a - Slow                  Hex            28%        N/A       10%         1

Your spell library contained the following spells:

 Spells                   Type           Power      Damage    Failure   Level
 Inner Flame              Hex/Fire       4%         N/A       43%         3
 Portal Projectile        Hex/Tloc       8%         N/A       43%         3
 Cause Fear               Hex            3%         N/A       67%         4

Inventory:

Hand Weapons
 a - a +1 sling (weapon)
Armour
 c - a +0 robe (worn)
 e - a +1 leather armour of willpower
Jewellery
 d - a +4 ring of slaying {mikee}
 g - a +6 ring of dexterity
Scrolls
 b - a scroll of poison
Potions
 f - a potion of cancellation {unknown}

Dungeon Overview and Level Annotations

Branches:
Dungeon (1/15)

Altars:


Message History

The kobold is heavily wounded.
A rat comes into view.
You shoot a sling bullet. The sling bullet hits the kobold.
You kill the kobold!
You shoot a sling bullet.
The sling bullet barely misses the quokka.
You shoot a sling bullet.
The sling bullet barely misses the quokka.
The quokka bites you but does no damage.
You shoot a sling bullet. The sling bullet hits the ball python.
The ball python is severely wounded.
The quokka bites you but does no damage.
The ball python bites you but does no damage.
The ball python grabs you. The ball python constricts you.
The quokka bites you.
You shoot a sling bullet.
The sling bullet closely misses the ball python.
The ball python barely misses you. The ball python constricts you.
The quokka bites you but does no damage.
The ball python bites you but does no damage.
The ball python constricts you.
You shoot a sling bullet. The sling bullet hits the ball python!
You kill the ball python!
The quokka bites you. The quokka barely misses you. The rat barely misses you.
Your Ranged Weapons skill increases to level 3!
You shoot a sling bullet.
The sling bullet closely misses the quokka.
The quokka bites you. The rat barely misses you. The quokka closely misses you.
You shoot a sling bullet.
The sling bullet closely misses the quokka.
The rat closely misses you. The quokka misses you.
You shoot a sling bullet.
The sling bullet barely misses the quokka.
The quokka bites you but does no damage.
The rat bites you but does no damage.
You shoot a sling bullet. The sling bullet misses the quokka.
The quokka bites you. The rat misses you. The quokka bites you.
The rat closely misses you.
You shoot a sling bullet. The sling bullet misses the quokka.
The quokka bites you. The rat misses you. The quokka bites you.
You die...

.. #.# .# #.## .# .
#.....#.. .###.
...#... #.. ..... ..#.
...#.# #...)..?. ...#
##..#.####[#......
...#
#.........rrr.....
...### #...# #@# #
.....####..#####.#.#.#
........#..##......[.#
..P.PP........##.....#
..7P.77..#.#########.#
..P.P7PP.#.# #
...._77P.#.#
..P....P.#.#
..7...P..#.#


You could see a quokka and 2 rats.

Vanquished Creatures
  A dart slug (D:1)
  2 ball pythons (D:1)
  2 bats (D:1)
  2 goblins (D:1)
  2 kobolds (D:1)
  A rat (D:1)
10 creatures vanquished.

Notes
Turn   | Place    | Note
-------+----------+-------------------------------------------
     0 | D:1      | qw the Gargoyle Hexslinger began the quest for the Orb.
     0 | D:1      | Reached XP level 1. HP: 12/12 MP: 2/2
     0 | D:1      | 0 ||| qw: Version: 0.3-a-51-g015441d
     0 | D:1      | 0 ||| qw: Game counter: 4468
     0 | D:1      | 0 ||| qw: Melee chars always use a shield: true
     0 | D:1      | 0 ||| qw: God list: Okawaru
     0 | D:1      | 0 ||| qw: Allow faded altars: false
     0 | D:1      | 0 ||| qw: Do Orc after clearing Dungeon:15 true
     0 | D:1      | 0 ||| qw: Do second Lair branch before Depths: true
     0 | D:1      | 0 ||| qw: Lair rune preference: random
     0 | D:1      | 0 ||| qw: Goals: Normal
     0 | D:1      | 0 ||| PLANNING D:1-11
    73 | D:1      | Reached XP level 2. HP: 13/16 MP: 3/3
    73 | D:1      | 73 ||| FLEEEEING.
    74 | D:1      | 74 ||| FLEEEEING.
    75 | D:1      | 75 ||| FLEEEEING.
    76 | D:1      | 76 ||| FLEEEEING.
   100 | D:1      | Found a faded altar of an unknown god.
   140 | D:1      | Reached skill level 3 in Ranged Weapons
   144 | D:1      | HP: 3/16 [quokka (3)]
   144 | D:1      | Slain by a quokka

Levels and vault maps discovered:
D:1:      dpeg_arrival_arbitrary_b, layout_loops_ring,
          dreamdust_ecumenical_altar_grove

Skill      XL: |  1  2 |
---------------+-------+-----
Ranged Weapons | 3 |  3.0
Fighting       | |  1.1
Dodging        | |  1.5
Spellcasting   | |  1.0
Hexes          | |  2.6

Action                     || total
---------------------------++-------
   Fire: Sling             ||    30
 Armour: Robe              ||    11
  Dodge: Dodged            ||    14

Table legend:
 A = Non-vault XP
 B = Vault XP
 C = Vault XP percentage of total XP
 D = Non-vault monster count
 E = Vault monster count
 F = Vault count percentage of total count
                 A         B        C        D         E       F
            +---------+---------+-------+---------+---------+-------
      Total |      19 |       0 |   0.0 |      10 |       0 |   0.0
            +---------+---------+-------+---------+---------+-------
        D:1 |      19 |       0 |   0.0 |      10 |       0 |   0.0
            +---------+---------+-------+---------+---------+-------
